cohdb
Replays
Latest Replays
All Replays
Popular Replays
Top Player Replays
Match Explorer
How It Works
Community
CoH3 Stats
Reddit
Sign in to upload your games and track your stats! →
Sign in with Steam
Match 30871260
Unlisted
Match 30871260
Overview
Messages
Build Orders
End
Construct Section Command Post
Vickers Machine Gun Team
Selects Air and Sea Battlegroup
Infantry Section
Infantry Section
Infantry Section
Construct Platoon Command Post
Selects Commando Section Paradrop
6-pounder Anti-tank Gun Team
Commando Section Paradrop
Construct Field Infirmary
Selects M1 Pack Howitzer Paradrop
M1 Pack Howitzer Paradrop
Infantry Training
Selects Supply Surplus
Construct Company Command Post
Grenade Package
Crusader II Medium Tank
6-pounder Anti-tank Gun Team
Selects Centaur Medium Tank
Matilda II Heavy Tank
Selects Anti-tank Rocket Loiter
Team Weapon Training
darkkillerman
Bananenratte
Overlord
Captain_Frog
0
0
Comments
sign in to comment!
No comments posted yet!